 Dungeon Crawl Stone Soup version 0.13-a0-2202-g857913d (webtiles) character file.

308 Kae the Cudgeler (level 5, 0/46 HPs)
             Began as a Minotaur Berserker on July 2, 2013.
             Was a Priest of Trog.
             Succumbed to an adder's poison
             ... on Level 3 of the Dungeon.
             The game lasted 00:01:08 (1520 turns).

Kae the Cudgeler (Minotaur Berserker)               Turns: 1520, Time: 00:01:08

HP   0/46        AC  2     Str 23      XL: 5   Next:  7%
MP   1/1         EV 12     Int  4      God: Trog [***...]
Gold 161         SH  0     Dex  9      Spells:  0 memorised,  4 levels left

Res.Fire  : . . .   See Invis. : .   a - +0 mace
Res.Cold  : . . .   Warding    : .   b - +0 animal skin
Life Prot.: . . .   Conserve   : .   (no shield)
Res.Poison: .       Res.Corr.  : .   (helmet restricted)
Res.Elec. : .       Clarity    : .   (no cloak)
Sust.Abil.: . .     Spirit.Shd : .   (no gloves)
Res.Mut.  : .       Stasis     : .   (no boots)
Res.Rott. : .       Flight     : .   (no amulet)
Saprovore : . . .                    (no ring)
                                     (no ring)

@: regenerating, quite poisoned, quite resistant to hostile enchantments, very
unstealthy
A: retaliatory headbutt, horns 2
a: Burn Spellbooks, Berserk, Trog's Hand, Renounce Religion


You were on level 3 of the Dungeon.
You worshipped Trog.
Trog was greatly pleased with you.
You were hungry.

You visited 1 branch of the dungeon, and saw 3 of its levels.

You collected 141 gold pieces.

Inventory:

Hand weapons
 a - a +0,+0 mace (weapon)
Armour
 b - a +0 animal skin (worn)
Comestibles
 c - 2 bread rations
 k - a lychee
Scrolls
 d - a scroll of curse jewellery {unknown}
 f - 2 scrolls of noise {unknown}
 g - a scroll of fog {unknown}
 l - a scroll of recharging {unknown}
 o - a scroll of magic mapping {unknown}
 r - a scroll of enchant weapon II {unknown}
Potions
 e - a potion of slowing {unknown}
 h - a potion of curing {unknown}
 i - 2 potions of paralysis {unknown}
 j - 2 potions of brilliance {unknown}
 m - a potion of flight {unknown}
 n - a potion of heal wounds {unknown}
Books
 q - a book of the Tempests

   Spells                             Type                      Level
   Static Discharge                   Conjuration/Air              3
   Lightning Bolt                     Conjuration/Air              5
   Fireball                           Conjuration/Fire             5
   Tornado                            Air                          9
   Shatter                            Earth                        9
   Trog disapproves of the use of such an item.


   Skills:
 + Level 4.3 Fighting
 * Level 5.3 Maces & Flails
 + Level 3.4 Armour
 + Level 3.3 Dodging


You had 4 spell levels left.
You didn't know any spells.

Dungeon Overview and Level Annotations

Branches:
Dungeon (3/27)

Altars:
Makhleb


Innate Abilities, Weirdness & Mutations

You reflexively headbutt those who attack you in melee.
You have a pair of horns on your head.


Message History

You feel sick. The adder bites you.
* * * LOW HITPOINT WARNING * * *
The adder barely misses you.
You hit the adder.
You kill the adder!
Trog accepts your kill.
You have reached level 5!
* * * LOW HITPOINT WARNING * * *
You feel sick.
Your skin stops crawling.
You feel less resistant to hostile enchantments.
* * * LOW HITPOINT WARNING * * *
You feel sick.
Found 16 gold pieces.
You see here an adder corpse.
Use which ability? (? or * to list)
Your skin crawls.
You feel resistant to hostile enchantments.
You feel slightly more hungry.
You die...

... #.. ..... ##. .....#
#. #...$## #. #..... #.
... . ####. #.#.# #....
..### ##.#.## #.#.. .....
#@..!.# # #..
$.....##%.##...# # #..
..........# .# #.##.
...###...## #....
#...%.## ### ####.
##.##.....##.###.### #.
..........##.......#####.
#####.#..................
#.#...##...#<###..##.


There were no monsters in sight!

Vanquished Creatures
  A hound (D:3)
  Terence (D:2)
  A gnoll (D:1)
  4 adders
  A worm (D:3)
  3 giant geckos
  3 oozes
  3 giant cockroaches (D:1)
  3 goblins
  2 hobgoblins (D:1)
  3 jackals (D:1)
  7 bats
  2 giant newts (D:1)
  13 kobolds
  A quokka (D:2)
  5 rats
53 creatures vanquished.

Notes
Turn   | Place    | Note
--------------------------------------------------------------
     0 | D:1      | Kae, the Minotaur Berserker, began the quest for the Orb.
     0 | D:1      | Reached XP level 1. HP: 19/19 MP: 0/0
   142 | D:1      | Reached XP level 2. HP: 20/26 MP: 0/0
   160 | D:1      | Reached skill level 4 in Maces & Flails
   215 | D:1      | Acquired Trog's second power
   315 | D:1      | Reached XP level 3. HP: 23/33 MP: 1/1
   559 | D:2      | Noticed Terence
   579 | D:2      | Killed Terence
   978 | D:2      | Reached XP level 4. HP: 32/40 MP: 1/1
  1321 | D:3      | Reached skill level 5 in Maces & Flails
  1372 | D:3      | Found a burning altar of Makhleb.
  1517 | D:3      | HP: 2/40 [adder (3)]
  1518 | D:3      | Reached XP level 5. HP: 2/46 MP: 1/1
  1520 | D:3      | Succumbed to an adder's poison

Action                   |  1- 3 |  4- 6 || total
-------------------------+-------+-------++-------
Melee: Mace              |    87 |    44 ||   131
Invok: Trog's Hand       |       |     3 ||     3
